 Dungeon Crawl Stone Soup version 0.27-a0-1186-g8b4daa1eef (webtiles) character file.

Game seed: 973332921752124674

9090 quinnr the Destroyer (level 11, -5/115 HPs)
             Began as a Demonspawn Venom Mage on May 17, 2021.
             Was a Priest of Vehumet.
             Slain by a cyan ugly thing (17 damage)
             ... on level 9 of the Dungeon on May 19, 2021.
             The game lasted 01:06:27 (16811 turns).

quinnr the Destroyer (Demonspawn Venom Mage)       Turns: 16811, Time: 01:06:28

Health: -5/115     AC:  9    Str: 13    XL:     11   Next: 18%
Magic:  23/29      EV: 13    Int: 16    God:    Vehumet [***...]
Gold:   242        SH:  0    Dex: 13    Spells: 8/22 levels left

rFire    . . .     SeeInvis .   l - staff of poison
rCold    . . .     Faith    .   (no shield)
rNeg     + . .     Spirit   .   H - +2 robe {Archmagi}
rPois    +         Reflect  .   (no helmet)
rElec    .         Harm     .   r - +2 cloak
rCorr    .         Rampage  .   (no gloves)
Will     .....                  (boots unavailable)
Stlth    ..........             (no amulet)
HPRegen  0.29/turn              b - ring of positive energy
MPRegen  0.21/turn              D - ring of magical power

@: berserking, very quick
A: hooves 3, slimy green scales 1, demonic guardian 3
a: Renounce Religion


You were on level 9 of the Dungeon.
You worshipped Vehumet.
Vehumet was most pleased with you.
You visited 2 branches of the dungeon, and saw 10 of its levels.

You collected 482 gold pieces.
You spent 240 gold pieces at shops.

Inventory:

Hand Weapons
 f - a +0 dagger
 y - a +2 falchion of freezing
Missiles
 g - 285 stones
 o - 3 curare-tipped darts
 E - 7 boomerangs
 G - 3 javelins
 J - 17 poisoned darts
 K - 5 boomerangs of dispersal
Armour
 q - a +0 leather armour of cold resistance
 r - a +2 cloak (worn)
 v - a scarf of repulsion
 B - a +2 pair of boots of rampaging
 H - a +2 robe of the Archmagi (worn)
Magical Staves
 l - a staff of poison (weapon)
Jewellery
 b - a ring of positive energy (left hand)
 D - a ring of magical power (right hand)
Wands
 u - a wand of polymorph (9)
 z - a wand of iceblast (4) (quivered)
 F - a wand of digging (6)
 I - a wand of flame (9)
Scrolls
 a - 2 scrolls of fear {unknown}
 c - 4 scrolls of teleportation
 e - 2 scrolls of noise
 i - a scroll of summoning
 k - a scroll of fog {unknown}
 n - a scroll of immolation {unknown}
 p - 2 scrolls of magic mapping {unknown}
 s - a scroll of enchant armour {unknown}
 t - a scroll of silence {unknown}
 x - a scroll of vulnerability {unknown}
 L - a scroll of identify
Potions
 d - a potion of flight {unknown}
 h - a potion of berserk rage
 j - 3 potions of brilliance
 m - 3 potions of attraction
 w - a potion of haste
 A - a potion of degeneration {unknown}
 C - a potion of resistance


   Skills:
 - Level 4.0 Fighting
 - Level 4.0 Staves
 - Level 4.0 Dodging
 - Level 4.0 Stealth
 - Level 6.0 Spellcasting
 + Level 8.6 Conjurations
 - Level 6.0 Translocations
 - Level 2.0 Transmutations
 - Level 3.0 Fire Magic
 - Level 2.0 Air Magic
 - Level 5.0 Poison Magic
 + Level 6.4 Evocations


You had 8 spell levels left.
You knew the following spells:

 Your Spells              Type           Power      Damage    Failure   Level
a - Sting                 Tmut/Pois      100%       1d8       3%          1
b - Poisonous Vapours     Pois/Air       72%        N/A       1%          2
c - Mephitic Cloud        Conj/Pois/Air  48%        N/A       1%          3
d - Ignite Poison         Fire/Tmut/Pois 34%        N/A       3%          3
e - Iskenderun's Mystic   Conj/Tloc      42%        2d10      1%          4
f - Shock                 Conj/Air       100%       1d9       1%          1

Your spell library contained the following spells:

 Spells                   Type           Power      Damage    Failure   Level
 Conjure Flame            Conj/Fire      35%        6-21      1%          3
 Magic Dart               Conj           100%       1d8       1%          1
 Searing Ray              Conj           96%        3d7       1%          2
 Dazzling Flash           Conj/Hex       54%        N/A       1%          3
 Gell's Gravitas          Tloc           18%        N/A       3%          3
 Olgreb's Toxic Radiance  Pois           46%        N/A       4%          4
 Fulminant Prism          Conj/Hex       13%        3d9       7%          4
 Confusing Touch          Hex            7%         N/A       38%         3
 Yara's Violent Unravell  Hex/Tmut       6%         3d5       50%         5
 Petrify                  Tmut/Erth      12%        N/A       65%         4
 Metabolic Englaciation   Hex/Ice        3%         N/A       98%         5


Dungeon Overview and Level Annotations

Branches:
Dungeon (9/15)             Temple (1/1) D:5            Lair (0/6) D:8
    Orc (0/2) D:9

Altars:
Cheibriados
Dithmenos
Elyvilon
Fedhas
Gozag
Hepliaklqana
Kikubaaqudgha
Makhleb
Nemelex Xobeh
Okawaru
Qazlal
Sif Muna
Trog
Uskayaw
Vehumet
Wu Jian
Xom
Yredelemnul
Zin
The Shining One

Shops:
D:7 [=

Annotations:
D:5 2 transporters, pigah's ghost, novice OpWn


Innate Abilities, Weirdness & Mutations

You have hooves in place of feet.
You are partially covered in slimy green scales. (AC +2)
A powerful demonic guardian rushes to your aid.


Message History

Aiming: Mephitic Cloud (safe; 1% risk of failure)
Press: ? - help, Shift-Dir - straight line, f/p - cyan ugly thing
Aim: a cyan ugly thing (poisoned, chance to affect: 43%)
You feel a strong surge of power!
The ball explodes into a vile cloud!
The stinking cloud engulfs the cyan ugly thing but does no damage.
The cyan ugly thing is engulfed in noxious fumes.
Unknown command.
Casting: Mephitic Cloud (safe; 1% risk of failure)
Confirm with . or Enter, or press ? or * to list all spells.
Aiming: Mephitic Cloud (safe; 1% risk of failure)
Press: ? - help, Shift-Dir - straight line, f/p - cyan ugly thing
Aim: a cyan ugly thing (noxious fumes, lightly wounded, poisoned, chance to affect: 43%)
You feel a strong surge of power!
The ball explodes into a vile cloud!
The stinking cloud engulfs the cyan ugly thing but does no damage.
The cyan ugly thing is lightly wounded.
The cyan ugly thing is engulfed in noxious fumes.
You closely miss the cyan ugly thing.
The cyan ugly thing is lightly wounded.
The cyan ugly thing engulfs you! The cyan ugly thing shocks you!
You hit the cyan ugly thing.
The cyan ugly thing is lightly wounded.
The cyan ugly thing engulfs you. The cyan ugly thing shocks you!
Unknown command.
The cyan ugly thing engulfs you! The cyan ugly thing shocks you!
* * * LOW HITPOINT WARNING * * *
A demonic guardian appears!
Unknown command.
Okay, then.
Unknown command.
A red film seems to cover your vision as you go berserk!
You feel yourself moving faster!
You feel mighty!
The cyan ugly thing looks more healthy.
The cyan ugly thing misses you.
You completely miss the cyan ugly thing.
The cyan ugly thing is lightly wounded.
You hit the cyan ugly thing.
The cyan ugly thing is moderately wounded.
The cyan ugly thing engulfs you!
* * * LOW HITPOINT WARNING * * *
The cyan ugly thing shocks you!
You die...

#.##.#.....# #...##........#
#.#......#.## #...##....[...#
####.#####.....# #.######.....##
.....# #.....# #.# ......8....
###### #.....# #.##...........
#.....# #.##........... #.....#
#.#............
#########.....####+..8.....>....
#..............@u...............
#............####3..#...........
##............# #...#...... Z...
..............# #...# ..... ....
..............# #...# ###.. ..##
..............# #...D . #
##............# #.....
#............# #......
#............# #.......


You could see a cyan ugly thing (ally target) and a friendly sixfirhy
(summoned).

Vanquished Creatures
  A tengu warrior (D:8)
  Pikel (D:8)
  3 cyclopes (D:9)
  A manticore (D:9)
  A troll (D:8)
  A hornet (D:8)
  A slime creature (D:9)
  A wraith (D:9)
  A yak (D:8)
  Grum (D:8)
  A steam dragon (D:8)
  Menkaure (D:5)
  An acid dragon (D:7)
  2 water moccasins
  7 sky beasts
  An orc warrior (D:7)
  2 ice beasts
  2 necrophages
  A wolf (D:8)
  A centaur (D:8)
  2 ogres
  A lemure (D:8)
  2 scorpions
  3 troll zombies (D:9)
  5 killer bees
  11 wights
  A centaur zombie (D:5)
  A bullfrog zombie (D:3)
  A hound (D:4)
  4 orc priests
  3 jellies
  Crazy Yiuf (D:4)
  A gnoll shaman (D:6)
  6 orc wizards
  Ijyb (D:5)
  An iguana (D:4)
  A killer bee zombie (D:6)
  4 ogre zombies (D:9)
  3 howler monkey zombies (D:9)
  5 gnolls (D:6)
  6 adders
  A white imp (D:7)
  3 ufetubi
  An adder zombie (D:5)
  2 worms
  3 dart slugs
  16 orcs
  4 endoplasms
  5 giant cockroaches
  10 goblins
  8 hobgoblins
  9 jackals
  A quokka (D:4)
  5 ball pythons
  4 bats
  3 frilled lizards (D:1)
  4 goblin zombies (D:9)
  3 hobgoblin zombies (D:9)
  8 kobolds
  3 orc skeletons (D:9)
  11 orc zombies (D:9)
  3 rats (D:1)
201 creatures vanquished.

Vanquished Creatures (collateral kills)
  A centaur warrior (D:9)
  A cyclops (D:9)
  An ugly thing (D:9)
  A manticore (D:8)
  4 yaks (D:8)
  An ogre (D:6)
  A necrophage (D:4)
  2 wolves
  A centaur (D:6)
  A phantom (D:9)
  A wyvern zombie (D:6)
  A wight (D:7)
  A hound (D:5)
  A jelly (D:8)
  A white imp (D:6)
  A worm (D:4)
  A dart slug (D:3)
  A jackal (D:3)
  3 orc zombies (D:9)
25 creatures vanquished.

Vanquished Creatures (others)
  A human (D:3)
1 creature vanquished.

Grand Total: 227 creatures vanquished

Notes
Turn   | Place    | Note
-------+----------+-------------------------------------------
     0 | D:1      | quinnr the Demonspawn Venom Mage began the quest for the
                  | Orb.
     0 | D:1      | Reached XP level 1. HP: 13/13 MP: 3/3
    39 | D:1      | Reached skill level 1 in Transmutations
   306 | D:1      | Gained mutation: A weak demonic guardian rushes to your
                  | aid. [demonic ancestry]
   306 | D:1      | Reached XP level 2. HP: 16/19 MP: 1/5
   627 | D:1      | Found a faded altar of an unknown god.
  1191 | D:2      | Learned a level 2 spell: Poisonous Vapours
  1279 | D:2      | Reached XP level 3. HP: 24/24 MP: 1/7
  1763 | D:2      | Reached skill level 1 in Air Magic
  1880 | D:2      | Learned a level 3 spell: Mephitic Cloud
  3091 | D:3      | Gained mutation: A demonic guardian rushes to your aid.
                  | [demonic ancestry]
  3091 | D:3      | Reached XP level 4. HP: 31/31 MP: 4/8
  3219 | D:3      | Reached skill level 1 in Conjurations
  4124 | D:3      | Reached skill level 1 in Fighting
  4402 | D:3      | Found an ancient bone altar of Kikubaaqudgha.
  4403 | D:3      | Noticed a human
  4406 | D:3      | Killed a human
  4448 | D:3      | Identified a scroll of acquirement
  4464 | D:3      | Acquired a staff of poison
  4907 | D:4      | Reached skill level 2 in Conjurations
  4907 | D:4      | Gained mutation: You are partially covered in slimy green
                  | scales. (AC +2) [demonic ancestry]
  4907 | D:4      | Reached XP level 5. HP: 37/37 MP: 2/9
  5246 | D:4      | Noticed an ogre
  5263 | D:4      | Killed an ogre
  5264 | D:4      | Reached skill level 3 in Conjurations
  5264 | D:4      | Reached skill level 1 in Evocations
  5505 | D:4      | Noticed a necrophage
  5523 | D:4      | Killed a necrophage
  5524 | D:4      | Gained mutation: You have large cloven feet. [demonic
                  | ancestry]
  5524 | D:4      | Reached XP level 6. HP: 37/43 MP: 10/10
  6206 | D:4      | Found a bloodstained altar of Trog.
  6245 | D:4      | quinnr: ??staff
  6245 | D:4      | beem: magical staff[1/3]: (staves; +5 acc / 5 dam / 1.2
                  | base delay / 0.6 min delay). A one-handed staff that
                  | enhances the spellpower of spells in its respective school
                  | by 50% and has a chance of doing extra elemental damage
                  | {see magical staff[2]}. All but earth and conjurations also
                  | confer resistance of the appropriate type. Types: air,
                  | cold, conjurations, death, earth, fire, poison.
  6245 | D:4      | quinnr: ??magical staff
  6245 | D:4      | beem: magical staff[1/3]: (staves; +5 acc / 5 dam / 1.2
                  | base delay / 0.6 min delay). A one-handed staff that
                  | enhances the spellpower of spells in its respective school
                  | by 50% and has a chance of doing extra elemental damage
                  | {see magical staff[2]}. All but earth and conjurations also
                  | confer resistance of the appropriate type. Types: air,
                  | cold, conjurations, death, earth, fire, poison.
  6245 | D:4      | quinnr: ??magical staff[2
  6245 | D:4      | beem: magical staff[2/3]: Magical staves have a (2*evoc +
                  | magic skill)/30 chance of getting random2(1.25*(magic skill
                  | + evoc/2)) extra elemental damage (for earth this is
                  | increased by 1/3). This damage ignores AC, checking the
                  | appropriate resistance instead, except for conjurations,
                  | which checks AC, and earth, which checks AC three times.
  6245 | D:4      | quinnr: ??magical staff[3
  6245 | D:4      | beem: magical staff[3/3]: i almost never use enhancer
                  | staves unless i'm using them to enhance my casting
  6314 | D:4      | Upgraded the game from 0.27-a0-1177-g245c70e1c0 to
                  | 0.27-a0-1186-g8b4daa1eef
  6347 | D:4      | Found a runed translucent door.
  6348 | D:4      | Noticed Crazy Yiuf
  6384 | D:4      | Reached skill level 4 in Conjurations
  6696 | D:5      | Entered Level 5 of the Dungeon
  6698 | D:5      | Noticed Ijyb
  6725 | D:5      | Killed Ijyb
  6841 | D:5      | Noticed a sky beast
  7306 | D:5      | quinnr: ??cloud
  7306 | D:5      | beem: clouds[1/7]: Flame, freezing vapour, mephitic
                  | ({mephitic cloud}; AKA noxious fumes or stinking), poison,
                  | black/grey/purple/blue smoke, steam, foul pestilence
                  | ({miasma}), mist (swamp water), and occasionally bugginess.
                  | Of these, the smokes and mist are harmless, and they plus
                  | steam can block LOS as per {scroll of fog}. Also, there's
                  | the {book of clouds}.
  7306 | D:5      | quinnr: ??poisonous vapors
  7306 | D:5      | beem: poisonous vapors ~ poisonous vapours[1/2]: New L2
                  | Poison/Air spell in 0.20, found in the Young Poisoner's
                  | Handbook. Smite-targeted attack spell that creates a
                  | single-tile, short-lived poisonous cloud under the target.
  7306 | D:5      | quinnr: ??mephetic cloud
  7306 | D:5      | beem: mephetic cloud ~ mephitic cloud[1/7]: Fills the
                  | target square and some of the adjacent squares with clouds
                  | of noxious fumes. Any creature breathing these fumes may
                  | become {confused} unless resistant to poison and/or
                  | confusion. Conjurations/Poison/Air 3. Loud.
  7310 | D:5      | Learned a level 3 spell: Ignite Poison
  7396 | D:5      | Killed a sky beast
  7397 | D:5      | Reached XP level 7. HP: 48/48 MP: 3/11
  7474 | D:5      | Found a transporter.
  7485 | D:5      | Noticed pigah's ghost (novice OpWn)
  7516 | D:5      | Found a transporter.
  7660 | D:5      | Reached skill level 1 in Fire Magic
  8100 | D:4      | Killed Crazy Yiuf
  8354 | D:5      | Noticed Menkaure
  8485 | D:5      | Killed Menkaure
  8689 | D:5      | Found a staircase to the Ecumenical Temple.
  8697 | Temple   | Entered the Ecumenical Temple
  8764 | Temple   | Became a worshipper of Vehumet
  9142 | D:5      | Reached skill level 5 in Poison Magic
  9142 | D:5      | Reached XP level 8. HP: 50/54 MP: 3/12
  9332 | D:5      | Reached skill level 1 in Staves
  9386 | D:6      | Found a hide-covered altar of Uskayaw.
  9394 | D:6      | Found a hazy altar of Hepliaklqana.
  9400 | D:6      | Found an iron altar of Okawaru.
  9403 | D:6      | Found a faded altar of an unknown god.
 10321 | D:7      | quinnr: ??ignite poison
 10321 | D:7      | beem: ignite poison[1/3]: Damages poisoned (but not merely
                  | poisonous) creatures (excluding you) and turns meph/poison
                  | clouds into flame. L3 Fire/Tmut/Poison.
 10321 | D:7      | quinnr: ??ignite poison[2
 10321 | D:7      | beem: ignite poison[2/3]: In 0.16 and earlier, was a L5
                  | Fire/Tmut spell that damages all (excluding you) in LOS
                  | that leave poisonous corpses or are poisoned (+cures it).
                  | Turns poison/str.poison/degen potions and poisoned
                  | ammo/corpses (excluding your inventory) to flame clouds.
 10321 | D:7      | quinnr: ??ignite poison[3
 10321 | D:7      | beem: ignite poison[3/3]: As of 0.19, damage is (2*severity
                  | of monster's poisoning)d(12 + (spellpower*6/100)).
 10321 | D:7      | quinnr: ??poison
 10321 | D:7      | beem: poison[1/2]: A condition which reduces HP each turn.
                  | The HP bar is colored to show how much HP you will lose
                  | total. Press @ to see how much hp you will have left.
 10321 | D:7      | quinnr: ??poison[2
 10321 | D:7      | beem: poison[2/2]: Monster's level of poisonedness = P. [If
                  | 50% chance: dam = 1d(P+1)]. [If P>=4: dam += 1]. [If vuln
                  | poison: dam += 2dP -1]. So on average: Dam = (P+1)/4 + 1
                  | for max poison. If vuln: (P+1)/4 + P-1.
 10927 | D:7      | Found Xoett's Jewellery Boutique.
 10932 | D:7      | Bought a ring of magical power for 240 gold pieces
 11239 | D:7      | Learned a level 4 spell: Iskenderun's Mystic Blast
 11249 | D:7      | Gained mutation: A powerful demonic guardian rushes to your
                  | aid. [demonic ancestry]
 11249 | D:7      | Reached XP level 9. HP: 65/65 MP: 13/13
 11403 | D:7      | Found Icvan's Armour Boutique.
 11478 | D:7      | Found a blossoming altar of Fedhas.
 11566 | D:8      | Noticed a troll
 11573 | D:8      | Killed a troll
 11574 | D:8      | Reached skill level 1 in Translocations
 11589 | D:8      | Noticed a manticore
 11598 | D:8      | Killed a manticore
 11684 | D:7      | Reached * piety under Vehumet
 11684 | D:7      | Offered knowledge of Freeze by Vehumet.
 11926 | D:7      | Reached skill level 5 in Conjurations
 12035 | D:8      | Noticed Grum
 12040 | D:8      | Killed Grum
 12566 | D:8      | Found a staircase to the Lair.
 12673 | D:8      | Reached skill level 6 in Conjurations
 12810 | D:8      | Noticed a tengu warrior
 12818 | D:8      | Killed a tengu warrior
 12819 | D:8      | Gained mutation: You have hoof-like feet. [demonic
                  | ancestry]
 12819 | D:8      | Reached XP level 10. HP: 71/71 MP: 5/14
 12834 | D:8      | Noticed Pikel
 12962 | D:8      | Reached skill level 5 in Translocations
 13155 | D:7      | HP: 6/60 [wight/+0 scimitar (5)]
 13157 | D:7      | Reached skill level 7 in Conjurations
 14000 | D:8      | Killed Pikel
 14144 | D:8      | quinnr: ??archmagi
 14144 | D:8      | beem: archmagi[1/1]: Acts as one {enhancer} for all spells.
 14144 | D:8      | quinnr: ??enhancer
 14144 | D:8      | beem: enhancer[1/2]: Enhancers improve spell power. They
                  | are items such as rings of fire or ice; staves of
                  | conjuration, fire, etc; or robes of the archmagi. x1.5
                  | spell power per item, stacked multiplicatively up to a
                  | maximum of 3 items. However, there is a diminishing returns
                  | effect at high spellpower.
 15104 | D:9      | Offered knowledge of Shock by Vehumet.
 15107 | D:9      | Learned a level 1 spell: Shock
 15239 | D:9      | Reached ** piety under Vehumet
 15365 | D:9      | Noticed a cyclops
 15367 | D:9      | Reached skill level 5 in Spellcasting
 15368 | D:9      | Noticed a cyclops
 15369 | D:9      | Noticed a cyclops
 15371 | D:9      | Killed a cyclops
 15371 | D:9      | Noticed a manticore
 15374 | D:9      | Killed a cyclops
 15375 | D:9      | Killed a manticore
 15376 | D:9      | Reached skill level 5 in Evocations
 15377 | D:9      | Noticed a cyclops
 15530 | D:9      | Found a staircase to the Orcish Mines.
 15531 | D:9      | Offered knowledge of Conjure Flame by Vehumet.
 15805 | D:9      | Reached *** piety under Vehumet
 16110 | D:9      | Killed a cyclops
 16111 | D:9      | Reached skill level 8 in Conjurations
 16111 | D:9      | Gained mutation: You have hooves in place of feet. [demonic
                  | ancestry]
 16111 | D:9      | Reached XP level 11. HP: 77/77 MP: 17/20
 16208 | D:9      | Noticed a white ugly thing
 16222 | D:9      | Noticed a cyan ugly thing
 16247 | D:9      | Killed a white ugly thing
 16568 | D:9      | Noticed a centaur warrior
 16573 | D:9      | Killed a centaur warrior
 16811 | D:9      | Slain by a cyan ugly thing

Illustrated notes

Levels and vault maps discovered:
D:1:      dpeg_arrival_solitude, layout_loops_ring,
          ebering_ecumenical_altar_abandoned
D:2:      layout_basic, minivault_23
D:3:      layout_basic, tgw_kikubaaqudgha
D:4:      layout_loops_corners, trog_hazing_becter,
          eino_small_chamber_without_monster, uniq_crazy_yiuf_cottage
D:5:      minmay_evil_eye, layout_cave_pods, minmay_temple_entry_statues,
          gammafunk_ghost_stat_death, minmay_stone_trees_medium, uniq_ijyb,
          uniq_menkaure
D:6:      layout_cave_pools, chequers_temple_overflow_minitemple, serial_rivers,
          chequers_serial_rivers_small_a, chequers_serial_rivers_micro_a,
          chequers_serial_rivers_small_a, chequers_serial_rivers_room_b,
          chequers_serial_rivers_room_b, chequers_serial_rivers_room_a
D:7:      layout_rooms, fedhas_altar_4, serial_shops, kennysheep_little_box,
          shop
D:8:      minmay_curly_fans, layout_loops_ring, lair_entry_dummy, uniq_grum,
          uniq_pikel
D:9:      layout_basic, zombieorc2_lemuel, minivault_28
Temple:   cyrus_circular_temple

Skill      XL: |  1  2  3  4  5  6  7  8  9 10 11 |
---------------+----------------------------------+-----
Transmutations | 1 2 |  2.0
Spellcasting   | 3 6 |  6.0
Air Magic      | 1 2 |  2.0
Conjurations   | 2 3 4 6 8 |  8.6
Fighting       | 1 4 |  4.0
Evocations     | 1 2 4 5 6 |  6.4
Stealth        | 2 4 |  4.0
Fire Magic     | 3 |  3.0
Poison Magic   | 5 |  5.0
Staves         | 4 |  4.0
Dodging        | 2 4 |  4.0
Translocations | 4 6 |  6.0

Action                   |  1- 3 |  4- 6 |  7- 9 | 10-12 || total
-------------------------+-------+-------+-------+-------++-------
Melee: Unarmed           |    27 |    40 |       |       ||    67
       Dagger            |       |    16 |       |       ||    16
       Staff             |       |    90 |   196 |   254 ||   540
       Kick              |       |    31 |    18 |     5 ||    54
Throw: Stone             |     1 |     1 |       |       ||     2
 Cast: Sting             |    68 |    53 |     8 |       ||   129
       Poisonous Vapours |     3 |    11 |    40 |    40 ||    94
       Mephitic Cloud    |       |     9 |    27 |    27 ||    63
       Ignite Poison     |       |       |    28 |    13 ||    41
       Iskenderun's Myst |       |       |     1 |    36 ||    37
       Shock             |       |       |       |    30 ||    30
Evoke: Wand              |       |       |     1 |     4 ||     5
  Use: Scroll            |       |     6 |     6 |     1 ||    13
       Potion            |       |       |     4 |     2 ||     6
 Stab: Confused          |       |     3 |     3 |     1 ||     7
       Sleeping          |       |     1 |       |     1 ||     2
       Distracted        |       |       |     1 |     2 ||     3
Armor: Robe              |     1 |       |       |    97 ||    98
       Leather armour    |     8 |    84 |    93 |    21 ||   206
       Skin              |       |     2 |       |       ||     2
Dodge: Dodged            |    31 |   127 |   121 |   197 ||   476

Table legend: (Time is in decaauts)
 A = Elapsed time spent in this place.
 B = Non-inter-level travel time spent in this place.
 C = Inter-level travel time spent in this place.
 D = Time resting spent in this place.
 E = Time spent auto-exploring this place.
 F = Levels seen in this place.
 G = Mean time per level.
                   A        B        C        D        E       F      G
               +--------+--------+--------+--------+--------+-----+--------+
         Total |  16908 |  15973 |    935 |   5258 |   7846 |  10 | 1690.8 |
       Dungeon |  16831 |  15919 |    912 |   5258 |   7794 |   9 | 1870.1 |
        Temple |     76 |     53 |     23 |      0 |     52 |   1 |   76.0 |
               +--------+--------+--------+--------+--------+-----+--------+

Top non-repeatable levels by time:
     D:8: 2916 daAuts
     D:7: 2275 daAuts
     D:5: 2227 daAuts
     D:4: 2051 daAuts
     D:2: 2015 daAuts
     D:3: 1843 daAuts
     D:6: 1339 daAuts
     D:1: 1198 daAuts
     D:9: 963 daAuts
  Temple: 76 daAuts
